 Dungeon Crawl Stone Soup version 0.30-a0-748-ge6a52f7cba (webtiles) character file.

Game seed: 1732547119369771319

6409 HammerPanzer the Severer (level 10, -12/77 HPs)
             Began as a Minotaur Berserker on Feb 8, 2023.
             Was an Elder of Trog.
             Mangled by a skeletal warrior
             ... wielding a +0 scimitar
              (27 damage)
             ... on level 8 of the Dungeon.
             The game lasted 00:18:13 (7272 turns).

HammerPanzer the Severer (Minotaur Berserker)       Turns: 7272, Time: 00:18:13

Health: -12/77     AC:  6    Str: 26    XL:     10   Next: 66%
Magic:  9/9        EV: 14    Int:  4    God:    Trog [****..]
Gold:   821        SH:  0    Dex: 10    Spells: 9/9 levels left

rFire   + . .      SeeInvis .    r - +1 war axe (vamp)
rCold   . . .      Faith    .    (no shield)
rNeg    . . .      Spirit   .    B - +0 chain mail
rPois   +          Reflect  .    (helmet restricted)
rElec   .          Harm     .    x - +1 cloak
rCorr   .          Rampage  .    (no gloves)
Will    .....                    (no boots) Stlth
                                 (no amulet)
HPRegen 0.32/turn                e - +5 ring of evasion
MPRegen 0.11/turn                (no ring)

@: mighty, about to teleport, on berserk cooldown, slowed, very slow
A: horns 2, retaliatory headbutt, deformed body, fire resistance 1, poison
resistance, screaming 1
a: Renounce Religion, Berserk, Trog's Hand, Brothers in Arms


You were on level 8 of the Dungeon.
You worshipped Trog.
Trog was greatly pleased with you.
You visited 1 branch of the dungeon, and saw 8 of its levels.
You also visited: Sewer and Bailey.

You collected 821 gold pieces.

Inventory:

Hand Weapons
 r - a +1 vampiric war axe (weapon)
Missiles
 i - 14 boomerangs
 l - 2 atropa-tipped darts (quivered)
 n - a throwing net
 s - 18 poisoned darts
Armour
 x - a +1 cloak (worn)
 B - a +0 chain mail (worn)
Jewellery
 e - a +5 ring of evasion (left hand)
 w - the ring of Brilliance {*Corrode Fly rElec rC- Int+4 Stlth+}
   (You took it off an orc in a bailey)

   [ring of flight]

   Int:       It affects your intelligence (+4).
   rC:        It makes you vulnerable to cold.
   rElec:     It insulates you from electricity.
   Fly:       It grants you flight.
   *Corrode:  It may corrode you when you take damage.
   Stlth:     It makes you more stealthy.
Wands
 p - a wand of flame (55)
Scrolls
 j - 3 scrolls of teleportation
 t - 3 scrolls of identify
 z - a scroll of fear
Potions
 a - 4 potions of flight
 b - a potion of cancellation {unknown}
 d - a potion of ambrosia
 f - 2 potions of mutation
 g - a potion of might
 h - 4 potions of curing
 k - 2 potions of attraction {unknown}
 m - a potion of berserk rage {unknown}
 o - 2 potions of degeneration {unknown}
 u - a potion of brilliance {unknown}
Miscellaneous
 v - a phial of floods


   Skills:
 - Level 3.6 Fighting
 + Level 19.0 Axes
 - Level 2.4 Armour
 - Level 2.1 Dodging


You had 9 spell levels left.
You didn't know any spells.
Your spell library was empty.

Dungeon Overview and Level Annotations

Branches:
Dungeon (8/15)             Temple (0/1) D:6           Sewer (visited)
 Bailey (visited)
   Lair: D:8-11

Altars:
Hepliaklqana
Qazlal
Trog
The Shining One

Annotations:
D:8 1 runed translucent door


Innate Abilities, Weirdness & Mutations

You have a pair of horns on your head.
You reflexively headbutt those who attack you in melee.
Armour fits poorly on your strangely shaped body.
Your flesh is heat resistant. (rF+)
Your system is resistant to poisons. (rPois)
You occasionally shout uncontrollably at your foes.


Message History

A skeletal warrior comes into view. It is wielding a +0 scimitar.
Throw: 4 darts (atropa)
Press: ? - help, Q - select action, (/) - cycle Shift-Dir - straight line, f - skeletal warrior
Aim: a skeletal warrior, wielding a +0 scimitar (wandering, hasn't noticed you, 56% to hit, immune)
You throw an atropa-tipped dart.
The atropa-tipped dart hits the skeletal warrior.
The skeletal warrior is unaffected.
Throw: 3 darts (atropa)
Press: ? - help, Q - select action, (/) - cycle Shift-Dir - straight line, f/p - skeletal warrior
Aim: a skeletal warrior, wielding a +0 scimitar (56% to hit, immune)
You throw an atropa-tipped dart.
The atropa-tipped dart barely misses the skeletal warrior.
You barely miss the skeletal warrior. You punch the skeletal warrior.
The skeletal warrior is lightly damaged.
The skeletal warrior hits you with a +0 scimitar!
You hit the skeletal warrior but do no damage.
The skeletal warrior is lightly damaged.
The skeletal warrior hits you with a +0 scimitar!!
You hit the skeletal warrior but do no damage.
You headbutt the skeletal warrior.
The skeletal warrior is lightly damaged.
The skeletal warrior hits you with a +0 scimitar!
You feel much better. The skeletal warrior barely misses you.
You furiously retaliate!
You headbutt the skeletal warrior.
The skeletal warrior hits you with a +0 scimitar!
You feel much better.
The skeletal warrior hits you with a +0 scimitar!!
You feel very mighty all of a sudden.
The skeletal warrior hits you with a +0 scimitar!!
* * * LOW HITPOINT WARNING * * *
The skeletal warrior hits you with a +0 scimitar!
* * * LOW HITPOINT WARNING * * *
You can't see any enemies this would affect, really read the scroll of fear? [Y]es or [N]o only, please.
You can't see any enemies this would affect, really read the scroll of fear?
Okay, then.
As you read the scroll of teleportation, it crumbles to dust.
You feel strangely unstable.
The skeletal warrior hits you with a +0 scimitar!!
You die...

# ##### #......## #.......#
... #.......# ....
#.......# .... ##......##
... #...)))..## .#
###..)..#..## #
##))#....##..# #
##@..#.######.# #
#z..##....###.# #
#......##..##..##.# #
#((....##..####.##.# #
.......#..## #.##># #
.......#..# ###.##.## #
.......#..###.....>.# ##
######.....##......##....#
#.
##....##...##....##########
#.


You could see a skeletal warrior.

Vanquished Creatures
  Erica (D:8)
  2 two-headed ogres (D:8)
  An orc knight (Bailey)
  The ghost of rlgrobin the Summoner, a novice DsSu of Sif Muna (D:6)
  An unseen horror (D:7)
  Eustachio (D:5)
  Menkaure (D:5)
  An acid dragon (D:5)
  7 orc warriors
  2 sky beasts
  A black bear (D:6)
  An ice beast (D:6)
  4 ogres
  2 centaurs
  A phantom (D:5)
  3 kobold brigands (D:8)
  5 bullfrogs
  A scorpion (D:7)
  A necrophage (D:5)
  A killer bee (D:8)
  2 howler monkeys
  A hound (D:6)
  7 orc priests
  2 jellies
  Crazy Yiuf (D:7)
  2 iguanas
  4 orc wizards
  2 gnolls (Bailey)
  8 adders
  2 river rats (D:6)
  2 shadow imps (D:6)
  7 white imps
  9 ufetubi
  28 orcs
  5 endoplasms (D:1)
  15 giant cockroaches
  15 goblins
  5 hobgoblins
  10 jackals
  7 quokkas
  9 ball pythons
  2 bats
  11 frilled lizards
  A goblin zombie (D:6)
  30 kobolds
  3 rats
  A rat zombie (D:6)
229 creatures vanquished.

Vanquished Creatures (others)
  5 demonic plants (D:6)
5 creatures vanquished.

Grand Total: 234 creatures vanquished

Notes
Turn   | Place    | Note
-------+----------+-------------------------------------------
     0 | D:1      | HammerPanzer the Minotaur Berserker began the quest for the
                  | Orb.
     0 | D:1      | Reached XP level 1. HP: 19/19 MP: 0/0
    24 | D:1      | Reached skill level 4 in Axes
    30 | D:1      | Reached XP level 2. HP: 25/26 MP: 1/1
   361 | D:1      | Reached skill level 5 in Axes
   416 | D:1      | Reached XP level 3. HP: 29/31 MP: 2/2
   742 | D:2      | Reached ** piety under Trog
  1309 | D:2      | Reached skill level 6 in Axes
  1309 | D:2      | Reached XP level 4. HP: 38/39 MP: 3/3
  1727 | D:3      | Found a stormy altar of Qazlal.
  1840 | D:3      | Found a glowing golden altar of the Shining One.
  1843 | D:3      | Found a hazy altar of Hepliaklqana.
  2136 | D:3      | Reached skill level 7 in Axes
  2136 | D:3      | Reached XP level 5. HP: 44/45 MP: 4/4
  2431 | D:4      | Noticed an ogre
  2438 | D:4      | Killed an ogre
  2439 | D:4      | Reached skill level 8 in Axes
  2439 | D:4      | Reached XP level 6. HP: 44/51 MP: 5/5
  2716 | D:4      | You fall into a shaft and drop 3 floors!
  3005 | D:7      | Found a flagged portal.
  3032 | Bailey   | Entered a bailey
  3038 | Bailey   | Noticed an orc warrior
  3044 | Bailey   | Noticed an orc warrior
  3050 | Bailey   | Noticed an orc warrior
  3063 | Bailey   | Killed an orc warrior
  3064 | Bailey   | Reached skill level 9 in Axes
  3150 | Bailey   | Killed an orc warrior
  3151 | Bailey   | Reached XP level 7. HP: 57/57 MP: 6/6
  3245 | Bailey   | Noticed an orc knight
  3252 | Bailey   | Reached skill level 10 in Axes
  3263 | Bailey   | Killed an orc knight
  3263 | Bailey   | Identified the ring of Brilliance {*Corrode Fly rElec rC-
                  | Int+4 Stlth+}
  3264 | Bailey   | Reached skill level 11 in Axes
  3264 | Bailey   | Reached XP level 8. HP: 64/64 MP: 7/7
  3270 | Bailey   | Reached skill level 12 in Axes
  3275 | Bailey   | Reached *** piety under Trog
  3515 | D:6      | Found a staircase to the Ecumenical Temple.
  3557 | D:6      | Reached skill level 13 in Axes
  3811 | D:6      | Found a large runed translucent door.
  3811 | D:6      | Found a large runed translucent door.
  3815 | D:6      | Noticed rlgrobin's ghost (novice DsSu)
  4032 | D:6      | Found a glowing drain.
  4045 | Sewer    | Entered a sewer
  4265 | Sewer    | Reached **** piety under Trog
  4266 | Sewer    | Reached skill level 14 in Axes
  4398 | D:6      | Found a bloodstained altar of Trog.
  4449 | D:6      | Reached XP level 9. HP: 70/70 MP: 8/8
  4753 | D:6      | Killed rlgrobin's ghost
  4754 | D:6      | Reached skill level 15 in Axes
  4819 | D:5      | Entered Level 5 of the Dungeon
  4820 | D:5      | Noticed Eustachio
  4836 | D:5      | Killed Eustachio
  4901 | D:5      | Noticed Menkaure
  4910 | D:5      | Killed Menkaure
  5316 | D:5      | Reached skill level 16 in Axes
  6014 | D:7      | Killed an unseen horror
  6189 | D:7      | Found a runed translucent door.
  6190 | D:7      | Noticed Crazy Yiuf
  6195 | D:7      | Killed Crazy Yiuf
  6474 | D:7      | Gained mutation: Armour fits poorly on your strangely
                  | shaped body. [potion of mutation]
  6474 | D:7      | Gained mutation: You occasionally shout uncontrollably at
                  | your foes. [potion of mutation]
  6474 | D:7      | Gained mutation: Your flesh is heat resistant. (rF+)
                  | [potion of mutation]
  6474 | D:7      | Gained mutation: Your system is resistant to poisons.
                  | (rPois) [potion of mutation]
  6482 | D:8      | Reached skill level 17 in Axes
  6494 | D:8      | Reached XP level 10. HP: 77/77 MP: 9/9
  6567 | D:8      | Noticed a two-headed ogre
  6581 | D:8      | Killed a two-headed ogre
  6715 | D:8      | Found a runed translucent door.
  6805 | D:8      | Found a runed translucent door.
  6829 | D:8      | Noticed Erica
  6844 | D:8      | Killed Erica
  6845 | D:8      | Reached skill level 18 in Axes
  6929 | D:8      | Identified the +2 spear of Moderation {heavy, rElec Dex+2}
  7225 | D:8      | Noticed a two-headed ogre
  7249 | D:8      | Killed a two-headed ogre
  7250 | D:8      | Reached skill level 19 in Axes
  7262 | D:8      | Noticed a skeletal warrior
  7272 | D:8      | Mangled by a skeletal warrior

Illustrated notes

Levels and vault maps discovered:
D:1:      sevenhm_arrival_forest_fort_large_4, layout_basic, chequers_garden
D:2:      layout_basic
D:3:      layout_loops_ring, grunt_qazlal_sundering, nicolae_overflow_squiral
D:4:      layout_basic, serial_shops, nicolae_shop_bloodbath_and_beyond,
          uniq_natasha
D:5:      layout_basic, uniq_menkaure, uniq_eustachio
D:6:      layout_basic, nicolae_overflow_hidden_temple, temple_pool_b,
          portal_sewer_entry_b, serial_demonic, serial_demonic_c,
          serial_demonic_g, serial_demonic_c, serial_demonic_d,
          serial_demonic_d, serial_demonic_c, serial_demonic_b,
          serial_demonic_a, serial_demonic_d, serial_demonic_b,
          ebering_ghost_disaster_area, enter_ossuary_4
D:7:      layout_rooms, enter_bailey_5, minmay_misc_feat_four_crosses,
          moated_statue, hangedman_decor_lopped, uniq_crazy_yiuf_cottage
D:8:      cheibrodos_histonic, layout_rooms, serial_curves, eino_curves_02,
          eino_curves_02, eino_curves_02, eino_curves_04, uniq_erica

Skill      XL: |  1  2  3  4  5  6  7  8  9 10 |
---------------+-------------------------------+-----
Axes           | 4 5 6 7 8 9 11 14 17 19 | 19.0
Fighting       | |  3.6
Armour         | |  2.4
Dodging        | |  2.1

Action                     |  1- 3 |  4- 6 |  7- 9 | 10-12 || total
---------------------------+-------+-------+-------+-------++-------
  Melee: Hand axe          |    72 |    43 |       |       ||   115
         Headbutt          |    10 |    10 |    39 |    10 ||    69
         Punch             |     1 |     1 |     2 |     1 ||     5
         War axe           |       |    43 |   264 |    86 ||   393
  Throw: Dart              |       |     7 |       |     5 ||    12
 Invoke: Berserk           |     1 |     5 |    10 |     3 ||    19
    Use: Scroll            |     6 |     4 |    10 |     1 ||    21
         Potion            |       |       |     3 |     3 ||     6
 Armour: Animal skin       |    13 |       |       |       ||    13
         Scale mail        |       |    27 |    43 |       ||    70
         Chain mail        |       |       |    31 |     8 ||    39
  Dodge: Dodged            |    60 |    79 |   177 |    37 ||   353

Table legend: (Time is in decaauts)
 A = Elapsed time spent in this place.
 B = Non-inter-level travel time spent in this place.
 C = Inter-level travel time spent in this place.
 D = Time resting spent in this place.
 E = Time spent auto-exploring this place.
 F = Levels seen in this place.
 G = Mean time per level.
                   A        B        C        D        E       F      G
               +--------+--------+--------+--------+--------+-----+--------+
         Total |   7438 |   7296 |    142 |   1137 |   4492 |  10 |  743.8 |
       Dungeon |   6738 |   6596 |    142 |   1041 |   4309 |   8 |  842.2 |
         Sewer |    324 |    324 |      0 |      0 |    126 |   1 |  324.0 |
        Bailey |    376 |    376 |      0 |     95 |     56 |   1 |  376.0 |
               +--------+--------+--------+--------+--------+-----+--------+

Top non-repeatable levels by time:
     D:6: 1078 daAuts
     D:7: 1072 daAuts
     D:5: 1039 daAuts
     D:2: 974 daAuts
     D:8: 798 daAuts
     D:1: 685 daAuts
     D:3: 652 daAuts
     D:4: 437 daAuts
  Bailey: 376 daAuts
   Sewer: 324 daAuts
